 Dungeon Crawl Stone Soup version 0.24.0-13-gcf9b319 (webtiles) character file.

Game seed: 10646247686215336878, levelgen mode: deterministic

424 Fang the Skirmisher (level 6, -2/40 HPs)
             Began as a Gargoyle Berserker on Nov 24, 2019.
             Was a Believer of Trog.
             Killed from afar by an orc wizard (4 damage)
             ... with a magic dart
             ... on level 3 of the Dungeon.
             The game lasted 00:03:29 (1798 turns).

Fang the Skirmisher (Gargoyle Berserker)            Turns: 1798, Time: 00:03:29

Health: -2/40      AC: 16    Str: 22    XL:     6   Next: 96%
Magic:  6/6        EV:  7    Int:  8    God:    Trog [**....]
Gold:   93         SH:  0    Dex:  9    Spells: 5/5 levels left

rFire    . . .     SeeInvis .   a - +0 hand axe
rCold    . . .     Gourm    .   (no shield)
rNeg     + . .     Faith    .   b - +0 plate armour
rPois    ∞         Spirit   .   (no helmet)
rElec    +         Reflect  .   (no cloak)
rCorr    +         Harm     .   (no gloves)
MR       .....                  (no boots)
Stlth    ..........             (no amulet)
HPRegen  0.13/turn              m - ring of resist corrosion
MPRegen  0.10/turn              (no ring)

@: berserk cooldown, slowed, very slow
A: negative energy resistance 1, electricity resistance, unbreathing,
petrification resistance, rot immunity, AC +4
a: Berserk, Trog's Hand, Renounce Religion


You were on level 3 of the Dungeon.
You worshipped Trog.
Trog was pleased with you.
You were not hungry.

You visited 1 branch of the dungeon, and saw 3 of its levels.

You collected 93 gold pieces.

Inventory:

Hand Weapons
 a - a +0 hand axe (weapon)
Armour
 b - a +0 plate armour (worn)
Jewellery
 m - a ring of resist corrosion (left hand)
Scrolls
 d - 2 scrolls of teleportation {unknown}
 e - 4 scrolls of identify {unknown}
 h - a scroll of fear {unknown}
 i - 2 scrolls of remove curse {unknown}
Potions
 g - a potion of agility {unknown}
 j - a potion of heal wounds {unknown}
 k - a potion of brilliance {unknown}
 l - a potion of curing {unknown}
 n - 2 potions of flight {unknown}
Comestibles
 c - 2 rations


   Skills:
 + Level 5.0 Fighting
 + Level 4.1 Axes
 + Level 4.3 Armour
 + Level 3.2 Dodging


You had 5 spell levels left.
You didn't know any spells.
Your spell library was empty.

Dungeon Overview and Level Annotations

Branches:
Dungeon (3/15)

Altars:


Innate Abilities, Weirdness & Mutations

You are resistant to torment.
Your stone body is resilient. (AC +4)
You are immune to poison.
You resist negative energy. (rN+)
You are resistant to electric shocks. (rElec)
You can survive without breathing.
You are immune to petrification.
You are immune to rotting.


Message History

Trog appreciates your killing of a magic user.
Your Fighting skill increases to level 5!
The orc wizard hits you but does no damage.
The orc wizard gestures wildly while chanting.
The orc wizard flickers and vanishes!
Deactivating autopickup; reactivate with Ctrl-A.
Something hits you but does no damage.
You miss something.
Something hits you but does no damage. x2
Something hits you but does no damage.
Your skin stops crawling.
You feel less resistant to hostile enchantments.
Something hits you but does no damage. x2
You hear some strange, mumbled words.
A puff of frost appears from out of thin air!
The puff of frost hits you!
* * * LOW HITPOINT WARNING * * *
Something hits you but does no damage.
A magic dart appears from out of thin air!
The magic dart hits you.
You die...

######.##......[...........# #
####.##.#.###..).........#### #
#.....#.#>...).†..........†.### #
#.....#.#.####.#.........#÷....
###.....#.#.# #.#.....#####.....
.......##.#.# #.#.....# #.....
#########.#.####{#.....## ##.....
........#.#......................
.######.#.....(.@#.....#######.##
.#....#.#..).(<######### #.#
.#......#.###### ######## #..
.#......#.# #......# ##.
.#......#.# #......# .
.#......#.# #......# .#......#.#
#......# .#......#.# #......#
.#.#....#.# #......#


There were no monsters in sight!

Vanquished Creatures
  Grinder (D:3)
  A centaur (D:3)
  An orc priest (D:3)
  An orc wizard (D:3)
  Terence (D:2)
  An adder (D:3)
  A worm (D:3)
  4 dart slugs
  2 leopard geckos
  An orc (D:3)
  5 giant cockroaches
  3 hobgoblins
  3 jackals (D:1)
  4 kobolds
  4 bats
  3 frilled lizards
  4 goblins
  9 rats
49 creatures vanquished.

Notes
Turn   | Place    | Note
-------+----------+-------------------------------------------
     0 | D:1      | Fang the Gargoyle Berserker began the quest for the Orb.
     0 | D:1      | Reached XP level 1. HP: 14/14 MP: 1/1
   119 | D:1      | Reached XP level 2. HP: 19/19 MP: 2/2
   727 | D:2      | Reached XP level 3. HP: 21/23 MP: 3/3
   739 | D:2      | Reached ** piety under Trog
   947 | D:2      | Noticed Terence
   965 | D:2      | Killed Terence
   965 | D:2      | Reached XP level 4. HP: 27/29 MP: 4/4
  1084 | D:3      | Noticed a centaur
  1209 | D:3      | Killed a centaur
  1209 | D:3      | Reached skill level 4 in Fighting
  1209 | D:3      | Reached XP level 5. HP: 33/33 MP: 5/5
  1517 | D:3      | Noticed Grinder
  1525 | D:3      | Paralysed by Grinder for 7 turns
  1536 | D:3      | Paralysed by Grinder for 7 turns
  1561 | D:3      | Paralysed by Grinder for 7 turns
  1575 | D:3      | Paralysed by Grinder for 4 turns
  1587 | D:3      | Killed Grinder
  1587 | D:3      | Reached XP level 6. HP: 23/40 MP: 6/6
  1774 | D:3      | Paralysed by fainting for 9 turns
  1781 | D:3      | HP: 2/40 [orc wizard/puff of flame (11)]
  1787 | D:3      | HP: 2/40 [orc wizard/puff of flame (6)]
  1792 | D:3      | Reached skill level 5 in Fighting
  1796 | D:3      | HP: 2/40 [something/puff of frost (10)]
  1798 | D:3      | Killed from afar by an orc wizard

Levels and vault maps discovered:
D:1:      dpeg_arrival_rooms_c, layout_loops_ring, glass_columns_a,
          roderic_serpentine_path
D:2:      layout_rooms, uniq_terence
D:3:      layout_basic, uniq_natasha, uniq_grinder, uniq_robin

Skill      XL: |  1  2  3  4  5  6 |
---------------+-------------------+-----
Axes           | 3 4 |  4.1
Dodging        | 2 3 |  3.2
Armour         | 3 4 |  4.3
Fighting       | 4 5 |  5.0

Action                   |  1- 3 |  4- 6 || total
-------------------------+-------+-------++-------
Melee: Hand axe          |   110 |   106 ||   216
Invok: Berserk           |       |     3 ||     3
       Trog's Hand       |       |     3 ||     3
  Eat: Chunk             |       |     4 ||     4
       Ration            |       |     1 ||     1
Armor: Animal skin       |    11 |       ||    11
       Plate armour      |    64 |   146 ||   210
Dodge: Dodged            |    51 |    49 ||   100
